 Dungeon Crawl Stone Soup version 0.19-b1-5-gdc9fa9d (webtiles) character file.

9475 Gorglomux the Arsonist (level 11, -1/74 HPs)
             Began as a Mottled Draconian Fire Elementalist on Oct 31, 2016.
             Was an Elder of Sif Muna.
             Slain by a shadow (31 damage)
             ... on level 11 of the Dungeon.
             The game lasted 00:57:58 (11989 turns).

Gorglomux the Arsonist (DrFE)                      Turns: 11989, Time: 00:57:59

Health: -1/74      AC: 13    Str: 11    XL:     11   Next: 23%
Magic:  1/24       EV: 12    Int: 18    God:    Sif Muna [****..]
Gold:   651        SH:  0    Dex: 12    Spells: 7 memorised, 5 levels left

rFire  . . .     SeeInvis .     o - +0 spear
rCold  . . .     Gourm    .     (armour unavailable)
rNeg   . . .     Faith    .     (no shield)
rPois  .         Spirit   .     (helmet restricted)
rElec  .         Reflect  .     u - +0 cloak {MR+}
rCorr  +         Harm     .     G - +1 pair of gloves
MR     +....                    (no boots)
Stlth  ++........               (no amulet)
                                N - +3 ring of protection
                                D - ring of resist corrosion

@: short of breath, divine energy
A: breathe sticky flame splash, unfitting armour, antennae 1, cold-blooded, AC
+7
a: Breathe Sticky Flame, Stop Divine Energy, Channel Magic, Forget Spell,
Renounce Religion


You were on level 11 of the Dungeon.
You worshipped Sif Muna.
Sif Muna was greatly pleased with you.
You were very hungry.

You visited 3 branches of the dungeon, and saw 13 of its levels.

You collected 651 gold pieces.

Inventory:

Hand Weapons
 o - a +0 spear (weapon)
Armour
 u - a +0 cloak of magic resistance (worn)
 G - a +1 pair of gloves (worn)
Magical Staves
 A - an uncursed staff of earth
Jewellery
 D - a ring of resist corrosion (left hand)
 K - an uncursed ring of protection from cold
 N - a +3 ring of protection (right hand)
Wands
 B - a wand of confusion (28/48)
 L - a wand of slowing (27/48)
Scrolls
 c - 4 scrolls of magic mapping {unknown}
 e - 4 scrolls of teleportation {unknown}
 m - 8 scrolls of remove curse
 p - 2 scrolls of fog {unknown}
 s - a scroll of immolation {unknown}
 v - 6 scrolls of fear {unknown}
 x - a scroll of random uselessness {unknown}
 y - 2 scrolls of enchant armour {unknown}
 z - 4 scrolls of amnesia {unknown}
 C - 2 scrolls of enchant weapon {unknown}
 E - 2 scrolls of recharging {unknown}
 P - 2 scrolls of vulnerability {unknown}
Potions
 d - 5 potions of flight
 g - a potion of cure mutation
 i - 3 potions of invisibility
 k - 7 potions of curing
 l - a potion of agility
 q - 2 potions of ambrosia
 r - a potion of magic {unknown}
 t - 2 potions of might
 w - 3 potions of lignification
 F - 3 potions of heal wounds
 H - 2 potions of cancellation
 I - 2 potions of mutation
 M - 2 potions of haste
 O - 2 potions of degeneration {unknown}
Books
 a - a book of Flames

   Spells                             Type                      Level
   a - Flame Tongue                   Conjuration/Fire             1
   b - Throw Flame                    Conjuration/Fire             2
   c - Conjure Flame                  Conjuration/Fire             3
   d - Inner Flame                    Hexes/Fire                   3
   e - Sticky Flame                   Conjuration/Fire             4
   f - Fireball                       Conjuration/Fire             5
 b - Sif Muna's Papyrus of Spatial Clay
   (Sif Muna gifted it to you on level 9 of the Dungeon)

   Spells                             Type                      Level
   a - Sandblast                      Earth                        1
   b - Summon Forest                  Summoning/Translocation      5
 R - a book of Necromancy

   Spells                             Type                      Level
   a - Pain                           Necromancy                   1
   b - Animate Skeleton               Necromancy                   1
   c - Vampiric Draining              Necromancy                   3
   d - Regeneration                   Charms/Necromancy            3
   e - Animate Dead                   Necromancy                   4
   f - Control Undead                 Necromancy                   4
 S - a book of Callings

   Spells                             Type                      Level
   a - Summon Small Mammal            Summoning                    1
   b - Call Imp                       Summoning                    2
   c - Call Canine Familiar           Summoning                    3
   d - Summon Guardian Golem          Hexes/Summoning              3
   e - Summon Lightning Spire         Summoning/Air                4
   f - Summon Ice Beast               Ice/Summoning                4
 T - Nuudeis's Compendium of Unstable Attacks
   (Sif Muna gifted it to you on level 11 of the Dungeon)

   Spells                             Type                      Level
   a - Shock                          Conjuration/Air              1
   b - Ice Form                       Ice/Transmutation            4
   c - Bolt of Magma                  Conjuration/Fire/Earth       5
   d - Iron Shot                      Conjuration/Earth            6
   e - Delayed Fireball               Conjuration/Fire             7
Comestibles
 j - 5 meat rations
 n - 5 slices of pizza
 J - a royal jelly
 Q - a fruit


   Skills:
 - Level 1.7 Dodging
 - Level 1.7 Stealth
 + Level 9.4 Spellcasting
 - Level 9.0 Conjurations
 + Level 12.7 Fire Magic


You had 5 spell levels left.
You knew the following spells:

 Your Spells              Type           Power        Failure   Level  Hunger
a - Flame Tongue          Conj/Fire      #####        1%          1    None
b - Conjure Flame         Conj/Fire      #####...     1%          3    None
c - Inner Flame           Hex/Fire       ####....     1%          3    None
d - Sticky Flame          Conj/Fire      #####...     1%          4    ###....
e - Fireball              Conj/Fire      #####.....   2%          5    #####..
f - Delayed Fireball      Conj/Fire      N/A          85%         7    #######
g - Bolt of Magma         Conj/Fire/Erth ####......   14%         5    #####..


Dungeon Overview and Level Annotations

Branches:
Dungeon (11/15)            Temple (1/1) D:5            Lair (1/6) D:9
    Orc (0/2) D:9

Altars:
Ashenzari
Elyvilon
Gozag
Nemelex Xobeh
Okawaru
Sif Muna
Trog
Uskayaw
Xom
Yredelemnul


Innate Abilities, Weirdness & Mutations

You can spit globs of burning liquid.
You can ignite nearby creatures when you spit burning liquid.
Your weird mottled scales are hard. (AC +7)
You cannot fit into any form of body armour.
You are cold-blooded and may be slowed by cold attacks.
You have a pair of small antennae on your head.


Message History

You can't see any susceptible monsters within range! (Use Z to cast anyway.)
Casting: Bolt of Magma
Confirm with . or Enter, or press ? or * to list all spells.
Aiming: Sticky Flame
Press: ? - help, Shift-Dir - straight line The sticky flame hits something.
Sif Muna grants you divine energy.
You briefly lose access to your magic!
The shadow strikes at you from the darkness!
Reactivating autopickup.
The shadow slips into darkness.
The shadow flickers and vanishes!
Deactivating autopickup; reactivate with Ctrl-A.
Press: ? - help, Shift-Dir - straight line You spit a glob of burning liquid.
The splash of liquid fire hits something.
You are feeling very hungry.
You regain access to your magic.
The shadow strikes at you from the darkness!
You die...

#.#
#.....##...Z..#
#.#
#.....##.######
#.####.....##.#
#....'......#.#
######......#.#
#......#.#
######.#.#
########.#{#
#........#@#
#.########.#
#.# #.# #.# #.#
#.# #.# #.# #.#
#.# #.# #.# #.#
#.# #.#


There were no monsters in sight!

Vanquished Creatures
  A catoblepas (D:9)
  A hill giant (D:11)
  A cyclops (D:11)
  A centaur skeleton (D:10)
  3 centaur zombies (D:11)
  A troll (D:11)
  Grinder (D:5)
  3 two-headed ogres
  2 hippogriffs
  A flying skull (D:11)
  A vampire (D:11)
  Grum (D:9)
  5 yaks (D:10)
  A hungry ghost (D:7)
  Edmund (D:5)
  A water moccasin (D:6)
  3 ice beasts
  2 orc warriors (D:6)
  An eye of draining (D:9)
  3 necrophages
  3 wolves (D:9)
  3 phantoms
  4 ogres
  4 centaurs
  A crocodile (D:9)
  A big kobold (D:7)
  Blork the orc (D:5)
  3 bullfrogs
  2 wyvern skeletons
  A scorpion (D:11)
  A water moccasin skeleton (D:9)
  9 wights
  2 howler monkeys (D:10)
  3 hounds
  2 jellies
  Crazy Yiuf (D:2)
  A bullfrog skeleton (D:11)
  5 orc wizards
  Natasha (thrice) (D:3)
  6 iguanas
  10 worker ants
  2 hound zombies
  2 hound skeletons
  2 worker ant zombies
  Robin (D:2)
  12 adders
  A river rat (D:9)
  2 shadow imps
  An ooze (D:2)
  An adder skeleton (D:8)
  2 worms (D:2)
  4 leopard geckos
  14 orcs
  5 giant cockroaches
  11 goblins
  12 hobgoblins
  10 jackals
  2 quokkas (D:2)
  2 ball pythons
  13 bats
  2 frilled lizards
  9 kobolds
  A quokka skeleton (D:6)
  12 rats
  2 fungi (D:9)
225 creatures vanquished.

Vanquished Creatures (others)
  34 fungi (D:9)
  11 plants (D:9)
45 creatures vanquished.

Grand Total: 270 creatures vanquished

Notes
Turn   | Place    | Note
-------+----------+-------------------------------------------
     0 | D:1      | Gorglomux the Draconian Fire Elementalist began the quest for the Orb.
     0 | D:1      | Reached XP level 1. HP: 14/14 MP: 3/3
   164 | D:1      | Reached XP level 2. HP: 20/20 MP: 0/5
   765 | D:1      | Reached XP level 3. HP: 21/26 MP: 0/6
   770 | D:1      | Learned a level 3 spell: Conjure Flame
   960 | D:2      | Found a bloodstained altar of Trog.
  1077 | D:2      | Reached skill level 4 in Fire Magic
  1089 | D:2      | Found a runed door.
  1104 | D:2      | Found a deep blue altar of Sif Muna.
  1146 | D:2      | Became a worshipper of Sif Muna the Loreminder
  1207 | D:2      | Reached XP level 4. HP: 33/33 MP: 1/7
  1509 | D:1      | Learned a level 3 spell: Inner Flame
  1888 | D:2      | Noticed Robin
  2205 | D:2      | Killed Robin
  2598 | D:2      | Noticed Crazy Yiuf
  2617 | D:2      | Killed Crazy Yiuf
  2617 | D:2      | Reached XP level 5. HP: 38/38 MP: 3/9
  2767 | D:3      | Noticed an ogre
  2789 | D:3      | Noticed Natasha
  2807 | D:3      | You fall through a shaft for 3 floors!
  2810 | D:6      | Reached * piety under Sif Muna
  2863 | D:6      | Noticed a water moccasin
  2870 | D:6      | Killed a water moccasin
  2870 | D:6      | Reached XP level 6. HP: 39/45 MP: 4/12
  2910 | D:6      | Found an opulent altar of Gozag.
  2915 | D:6      | Noticed an orc warrior
  3128 | D:6      | Killed an orc warrior
  3128 | D:6      | Reached skill level 5 in Spellcasting
  3454 | D:6      | Learned a level 4 spell: Sticky Flame
  3463 | D:6      | Your scales start taking on a weird mottled colour.
  3463 | D:6      | Reached XP level 7. HP: 50/50 MP: 7/15
  3910 | D:5      | Entered Level 5 of the Dungeon
  3937 | D:5      | Reached ** piety under Sif Muna
  4045 | D:4      | Reached skill level 5 in Fire Magic
  4136 | D:4      | Found a shimmering altar of Xom.
  4138 | D:4      | Found a shimmering altar of Xom.
  4140 | D:4      | Found a shimmering altar of Xom.
  4140 | D:4      | Found a shimmering altar of Xom.
  4141 | D:4      | Found a shimmering altar of Xom.
  4141 | D:4      | Found a shimmering altar of Xom.
  4143 | D:4      | You fall through a shaft!
  4441 | D:3      | Killed Natasha
  4534 | D:3      | Noticed Natasha
  4541 | D:3      | Killed Natasha
  4580 | D:3      | Noticed Natasha
  4587 | D:3      | Killed Natasha
  4949 | D:4      | Reached skill level 6 in Fire Magic
  4949 | D:4      | Reached XP level 8. HP: 31/57 MP: 9/17
  5552 | D:5      | Found a hide-covered altar of Uskayaw.
  5601 | D:5      | Noticed Edmund
  5612 | D:5      | Killed Edmund
  5612 | D:5      | Reached skill level 5 in Conjurations
  5804 | D:5      | Found a staircase to the Ecumenical Temple.
  5820 | Temple   | Entered the Ecumenical Temple
  5897 | D:5      | Noticed Grinder
  5906 | D:5      | Learned a level 5 spell: Fireball
  5923 | D:5      | Killed Grinder
  5923 | D:5      | Reached skill level 7 in Fire Magic
  6011 | D:5      | Noticed Blork the orc
  6234 | D:5      | Found a white marble altar of Elyvilon.
  6336 | D:5      | Found a sparkling altar of Nemelex Xobeh.
  6355 | D:5      | Killed Blork the orc
  6666 | D:5      | Reached *** piety under Sif Muna
  7159 | D:6      | Reached skill level 8 in Fire Magic
  7329 | D:7      | Reached XP level 9. HP: 62/62 MP: 11/18
  7889 | D:8      | Found a basalt altar of Yredelemnul.
  7906 | D:8      | Reached skill level 9 in Fire Magic
  7948 | D:8      | Found an iron altar of Okawaru.
  7964 | D:8      | Reached **** piety under Sif Muna
  8310 | D:8      | Found a shattered altar of Ashenzari.
  8310 | D:8      | Found a faded altar of an unknown god.
  8315 | D:8      | Found a faded altar of an unknown god.
  8317 | D:8      | Found a faded altar of an unknown god.
  8318 | D:8      | Found a faded altar of an unknown god.
  8674 | D:9      | Noticed Grum
  8676 | D:9      | Found a staircase to the Lair.
  8679 | D:9      | Noticed a catoblepas
  8740 | D:9      | Killed a catoblepas
  8740 | D:9      | Reached ***** piety under Sif Muna
  8740 | D:9      | Identified Sif Muna's Papyrus of Spatial Clay (Sif Muna gifted it to you on level 9 of the Dungeon)
  8740 | D:9      | Received a gift from Sif Muna
  8740 | D:9      | Reached skill level 10 in Fire Magic
  8862 | D:9      | Reached XP level 10. HP: 58/69 MP: 2/19
  8891 | D:9      | Killed Grum
  9002 | D:9      | Gained mutation: You have a pair of small antennae on your head. [potion of beneficial mutation]
  9044 | Lair:1   | Entered Level 1 of the Lair of Beasts
  9227 | D:9      | Learned a level 1 spell: Flame Tongue
  9460 | D:9      | Reached skill level 11 in Fire Magic
  9743 | D:9      | Found a staircase to the Orcish Mines.
  9935 | D:10     | Entered Level 10 of the Dungeon
 11036 | D:10     | Reached skill level 12 in Fire Magic
 11157 | D:11     | Noticed a hill giant
 11164 | D:11     | Killed a hill giant
 11164 | D:11     | Identified Nuudeis's Compendium of Unstable Attacks (Sif Muna gifted it to you on level 11 of the Dungeon)
 11164 | D:11     | Received a gift from Sif Muna
 11180 | D:11     | Learned a level 7 spell: Delayed Fireball
 11316 | D:11     | Reached XP level 11. HP: 74/74 MP: 6/23
 11672 | D:11     | Learned a level 5 spell: Bolt of Magma
 11989 | D:11     | Slain by a shadow

Skill      XL: |  1  2  3  4  5  6  7  8  9 10 11 |
---------------+----------------------------------+-----
Conjurations   | 2 3 4 6 9 |  9.0
Fire Magic     | 4 6 8 10 12 | 12.7
Spellcasting   | 3 4 5 6 8 9 |  9.4
Dodging        | |  1.7
Stealth        | |  1.7

Action                   |  1- 3 |  4- 6 |  7- 9 | 10-12 || total
-------------------------+-------+-------+-------+-------++-------
Melee: Unarmed           |    44 |    37 |       |       ||    81
       Tailslap          |     2 |     3 |    19 |    12 ||    36
       Spear             |       |    18 |   243 |    74 ||   335
       Staff             |       |       |       |     2 ||     2
 Cast: Flame Tongue      |    45 |    99 |   193 |   142 ||   479
       Conjure Flame     |     1 |    12 |     8 |     9 ||    30
       Inner Flame       |       |     1 |     1 |     2 ||     4
       Sticky Flame      |       |       |    24 |    24 ||    48
       Fireball          |       |       |    16 |    25 ||    41
       Bolt of Magma     |       |       |       |     3 ||     3
Invok: Divine Energy     |       |     1 |       |       ||     1
       Forget Spell      |       |       |       |     1 ||     1
 Abil: Breathe Sticky Fl |       |       |    16 |    10 ||    26
  Use: Scroll            |       |     1 |       |    13 ||    14
       Potion            |       |       |       |     1 ||     1
 Stab: Sleeping          |     2 |     2 |     1 |       ||     5
  Eat: Chunk             |     2 |     6 |    20 |    18 ||    46
       Bread ration      |       |     1 |     2 |       ||     3
       Beef jerky        |       |       |       |     2 ||     2
Armor: Skin              |    25 |    17 |   120 |    81 ||   243
Dodge: Dodged            |    59 |    53 |   190 |   100 ||   402
